Avalanche vs Wild

Created - November-14-13 at 17:56

Goals
1 2 3 T
Avalanche 0 0 3 3
Wild 0 1 0 1
Shots
1 2 3 T
Avalanche 11 5 11 27
Wild 7 7 9 23

1st period

No Goal

Penalties :
Patrik Berglund (MIN) for Hooking (Minor) at 9:53, Brayden Schenn (COL) for Hooking (Minor) at 19:58

2nd period

1. Wild , Brent Burns 8 (Ryan Whitney) at 1:10 (PP)

Penalties :
John-Michael Liles (MIN) for Diving (Minor) at 1:19, Jordan Staal (COL) for Goalie Interference (Minor) at 1:19

3rd period

2. Avalanche , Tyson Barrie 1 (Alexei Emelin, Jordan Staal) at 2:07
3. Avalanche , Derek Stepan 11 (Michael Del Zotto, Antti Niemi) at 8:19
4. Avalanche , Derek Stepan 12 (Michael Del Zotto, Marian Hossa) at 11:30 (PP)

Penalties :
Michael Del Zotto (COL) for Cross-checking (Minor) at 5:51, Erik Cole (MIN) for High sticking (Minor) at 6:18, John-Michael Liles (MIN) for Roughing (Minor) at 10:08, Blake Comeau (MIN) for Delaying the game (Minor) at 16:49, John-Michael Liles (MIN) for Hooking (Minor) at 18:50, Alexei Ponikarovsky (MIN) for Interference (Minor) at 19:59

Goalie Stats

Antti Niemi (COL), 22 saves from 23 shots - (0.957), W, 10-3-0, 60:00 minutes
Niklas Backstrom (MIN), 24 saves from 27 shots - (0.889), L, 5-6-0, 60:00 minutes

Players Stats for Avalanche

Player Name              G  A  P  +/- PIM S  H  SB GA TA FO     MP     PP MP  PK MP  
------------------------------------------------------------------------------------
Alexei Emelin            0  1  1   2  0   0  9  1  0  0  0/0    16:49   0:16   1:28 
Brayden Schenn           0  0  0   1  2   2  2  0  0  0  1/1    13:53   0:16   0:00 
Brian Gionta             0  0  0   1  0   0  0  0  0  0  1/3    14:24   0:00   0:46 
Chris Stewart            0  0  0   1  0   4  0  0  0  0  1/6    17:19   3:25   0:00 
Cody Hodgson             0  0  0   1  0   3  0  0  0  0  5/11   13:38   0:00   0:00 
Derek Stepan             2  0  2   0  0   5  2  0  0  0  11/22  20:30   3:31   0:00 
Johan Franzen            0  0  0   0  0   0  1  0  0  0  0/1    21:30   3:09   0:53 
John Carlson             0  0  0   0  0   0  1  2  0  0  0/0    22:47   3:22   0:11 
Jordan Staal             0  1  1   1  2   2  5  0  0  0  16/23  17:22   3:25   0:46 
Justin Abdelkader        0  0  0   0  0   0  1  0  0  0  0/0     6:15   0:00   0:00 
Kevin Porter             0  0  0   0  0   0  0  0  0  0  0/3     7:08   0:00   0:53 
Kevin Shattenkirk        0  0  0   0  0   3  5  0  0  0  0/0    22:52   3:22   1:28 
Lubomir Visnovsky        0  0  0   0  0   0  0  0  0  0  0/0    18:22   3:18   0:00 
Marcus Johansson         0  0  0   1  0   1  0  0  0  0  1/3    16:04   3:31   0:00 
Marian Hossa             0  1  1   0  0   5  0  0  0  0  0/1    20:30   3:31   0:00 
Michael Del Zotto        0  2  2   0  2   0  6  2  0  0  0/0    24:14   3:34   0:11 
Travis Moen              0  0  0   0  0   0  0  0  0  0  0/2     6:15   0:00   0:00 
Tyson Barrie             1  0  1   2  0   2  1  0  0  0  0/0    14:55   0:00   0:00 

Players Stats for Wild

Player Name              G  A  P  +/- PIM S  H  SB GA TA FO     MP     PP MP  PK MP  
------------------------------------------------------------------------------------
Alexei Ponikarovsky      0  0  0  -1  2   2  1  0  0  0  1/1    17:23   0:00   3:08 
Andrei Markov            0  0  0   0  0   1  0  1  0  0  0/0    25:04   0:50   3:41 
Andrew Ebbett            0  0  0   0  0   0  0  0  0  0  0/0     1:25   0:00   0:39 
Andy McDonald            0  0  0   0  0   3  0  0  0  0  12/20  17:42   1:17   0:00 
Blake Comeau             0  0  0  -1  2   0  1  0  0  0  0/0    16:45   0:00   2:31 
Bobby Ryan               0  0  0   0  0   2  0  0  0  0  0/1    20:19   1:17   0:00 
Brent Burns              1  0  1  -1  0   4  0  0  0  0  0/0    18:23   0:22   0:39 
Clayton Stoner           0  0  0   0  0   0  0  1  0  0  0/0    18:37   0:49   3:44 
Erik Cole                0  0  0   0  2   2  3  0  0  0  0/2    17:02   1:16   0:54 
Fedor Tyutin             0  0  0  -2  0   1  2  1  0  0  0/0    19:18   0:00   0:00 
Jay Pandolfo             0  0  0   0  0   0  0  0  0  0  4/7     3:09   0:00   3:09 
John-Michael Liles       0  0  0  -2  6   0  0  0  0  0  0/0    17:10   0:00   0:00 
Manny Malhotra           0  0  0  -1  0   1  0  0  0  0  10/17  17:45   0:00   3:30 
Michael Stone            0  0  0   0  0   0  0  1  0  0  0/0    20:30   0:50   2:33 
Milan Michalek           0  0  0  -1  0   5  0  1  0  0  0/0    19:09   0:22   0:00 
Patrik Berglund          0  0  0  -1  2   2  1  0  0  0  13/28  21:06   0:22   0:00 
Ryan Whitney             0  1  1   0  0   0  0  3  0  0  0/0    18:39   0:49   3:15 
Toby Petersen            0  0  0   0  0   0  0  0  0  0  0/0     0:00   0:00   0:00 

3 Stars

1 - Derek Stepan (COL)
2 - Alexei Emelin (COL)
3 - Antti Niemi (COL)

Power Play

Avalanche - 1 on 6 Attempt(s) - 16.67%
Wild - 1 on 2 Attempt(s) - 50.00%

Penalty Kill

Avalanche - 1 on 2 Attempt(s) - 50.00% - Score 0 goal in Penalty Kill
Wild - 5 on 6 Attempt(s) - 83.33% - Score 0 goal in Penalty Kill

Official

Referees : Brian Pochmara and Steve Kozari
Linesman : Lonnie Cameron and Andy McElman

Game Notes

No Game Note

Finance

Level 1 -- Attendance: 5892 (90.65%) -- Ticket Income $589,200
Level 2 -- Attendance: 5000 (100.00%) -- Ticket Income $300,000
Level 3 -- Attendance: 3294 (94.11%) -- Ticket Income $115,290
Level 4 -- Attendance: 2064 (100.00%) -- Ticket Income $41,280
Luxury Box -- Attendance: 944 (94.40%) -- Ticket Income $188,800
Game was played at the Xcel Energy Center
Total Attendance: 17194 (95.18%)
Total Ticket Income: $1,234,570
Other Income: $185,186
Total Income: $1,419,756


% Time on Ice - Avalanche

Lines # - Real PCT - Wanted PCT - Time Play
Normal Forward
1 - 32% - 35% - 15:28
2 - 26% - 30% - 12:33
3 - 28% - 25% - 13:38
4 - 13% - 10% - 6:15
Normal Defense
1 - 33% - 35% - 16:00
2 - 29% - 30% - 13:52
3 - 31% - 25% - 14:48
4 - 7% - 10% - 3:14
PP Forward
1 - 51% - 52% - 3:31
2 - 49% - 48% - 3:25
PP Defense
1 - 51% - 52% - 3:34
2 - 49% - 48% - 3:22
PK Forward
1 - 46% - 52% - 0:46
2 - 54% - 48% - 0:53
PK Defense
1 - 11% - 55% - 0:11
2 - 89% - 45% - 1:28
PK3 Forward
1 - 0% - 54%
2 - 0% - 46%
PK3 Defense
1 - 0% - 55%
2 - 0% - 45%
44 Forward
1 - 57% - 52% - 2:00
2 - 43% - 48% - 1:31
44 Defense
1 - 92% - 60% - 3:14
2 - 8% - 40% - 0:17
Last Minute Offensive  - 0:00
Last Minute Defensive  - 0:00
Total
Forward - 60:00
Defense - 60:00

% Time on Ice - Wild

Lines # - Real PCT - Wanted PCT - Time Play
Normal Forward
1 - 32% - 35% - 15:24
2 - 31% - 35% - 14:52
3 - 30% - 15% - 14:15
4 - 7% - 15% - 3:23
Normal Defense
1 - 34% - 35% - 16:17
2 - 32% - 35% - 15:34
3 - 27% - 15% - 13:02
4 - 6% - 15% - 3:01
PP Forward
1 - 22% - 50% - 0:22
2 - 78% - 50% - 1:17
PP Defense
1 - 49% - 50% - 0:49
2 - 51% - 50% - 0:50
PK Forward
1 - 55% - 50% - 3:47
2 - 45% - 50% - 3:09
PK Defense
1 - 53% - 50% - 3:41
2 - 47% - 50% - 3:15
PK3 Forward
1 - 0% - 50%
2 - 0% - 50%
PK3 Defense
1 - 0% - 50%
2 - 0% - 50%
44 Forward
1 - 56% - 50% - 1:58
2 - 44% - 50% - 1:33
44 Defense
1 - 44% - 50% - 1:33
2 - 56% - 50% - 1:58
Last Minute Offensive  - 0:00
Last Minute Defensive  - 0:00
Total
Forward - 60:00
Defense - 60:00

Play by Play

1st period


0:01 of 1st period - Patrik Berglund wins face-off versus Derek Stepan in neutral zone.
0:52 of 1st period - Icing by Fedor Tyutin.
0:53 of 1st period - Jordan Staal wins face-off versus Patrik Berglund in Wild zone.
1:30 of 1st period - Shot by Jordan Staal.
1:30 of 1st period - Deflect By Chris Stewart.
1:30 of 1st period - Shot Misses the Net.
1:40 of 1st period - Shot by Erik Cole.
1:40 of 1st period - Stopped by Antti Niemi without a rebound.
1:41 of 1st period - Brayden Schenn wins face-off versus Manny Malhotra in Avalanche zone.
1:41 of 1st period - Brayden Schenn is hit by Alexei Ponikarovsky.
2:12 of 1st period - Shot by Alexei Ponikarovsky.
2:12 of 1st period - Shot Misses the Net.
2:14 of 1st period - Shot by Blake Comeau.
2:14 of 1st period - Shot Misses the Net.
3:48 of 1st period - Shot by Marian Hossa.
3:48 of 1st period - Stopped by Niklas Backstrom without a rebound.
3:49 of 1st period - Jordan Staal wins face-off versus Patrik Berglund in Wild zone.
4:17 of 1st period - Shot by Brent Burns.
4:17 of 1st period - Shot Misses the Net.
4:19 of 1st period - Shot by Milan Michalek.
4:19 of 1st period - Stopped by Antti Niemi without a rebound.
4:20 of 1st period - Manny Malhotra wins face-off versus Derek Stepan in Avalanche zone.
5:12 of 1st period - Patrik Berglund is hit by Michael Del Zotto and loses puck.
5:40 of 1st period - Shot by Brian Gionta.
5:40 of 1st period - Shot Blocked by Ryan Whitney.
5:42 of 1st period - Shot by Brian Gionta.
5:42 of 1st period - Deflect By Cody Hodgson.
5:42 of 1st period - Shot Blocked by Milan Michalek.
5:44 of 1st period - Shot by Cody Hodgson.
5:44 of 1st period - Stopped by Niklas Backstrom without a rebound.
5:45 of 1st period - Andy McDonald wins face-off versus Chris Stewart in Wild zone.
6:27 of 1st period - Shot by Bobby Ryan.
6:27 of 1st period - Shot Misses the Net.
7:11 of 1st period - Icing by Andrei Markov.
7:12 of 1st period - Manny Malhotra wins face-off versus Brian Gionta in Wild zone.
7:16 of 1st period - Off-side.
7:17 of 1st period - Patrik Berglund wins face-off versus Brian Gionta in neutral zone.
7:23 of 1st period - Brent Burns is hit by Alexei Emelin and loses puck.
7:27 of 1st period - Brent Burns is hit by Alexei Emelin.
7:31 of 1st period - Shot by Brent Burns.
7:31 of 1st period - Shot Misses the Net.
7:33 of 1st period - Shot by Milan Michalek.
7:33 of 1st period - Stopped by Antti Niemi with a rebound.
7:36 of 1st period - Patrik Berglund is hit by Alexei Emelin and loses puck.
8:18 of 1st period - Shot by Derek Stepan.
8:18 of 1st period - Stopped by Niklas Backstrom with a rebound.
8:56 of 1st period - Shot by Johan Franzen.
8:56 of 1st period - Shot Blocked by Fedor Tyutin.
9:10 of 1st period - Shot by Chris Stewart.
9:10 of 1st period - Stopped by Niklas Backstrom without a rebound.
9:11 of 1st period - Manny Malhotra wins face-off versus Marcus Johansson in Wild zone.
9:42 of 1st period - Shot by Alexei Ponikarovsky.
9:42 of 1st period - Stopped by Antti Niemi without a rebound.
9:43 of 1st period - Patrik Berglund wins face-off versus Kevin Porter in Avalanche zone.
9:53 of 1st period - Minor Penalty to Patrik Berglund for Hooking.
9:54 of 1st period - Jay Pandolfo wins face-off versus Derek Stepan in Wild zone.
10:13 of 1st period - Shot by Kevin Shattenkirk.
10:13 of 1st period - Stopped by Niklas Backstrom without a rebound.
10:14 of 1st period - Jordan Staal wins face-off versus Jay Pandolfo in Wild zone.
10:33 of 1st period - Shot by Jordan Staal.
10:33 of 1st period - Deflect By Chris Stewart.
10:33 of 1st period - Stopped by Niklas Backstrom without a rebound.
10:34 of 1st period - Derek Stepan wins face-off versus Manny Malhotra in Wild zone.
10:44 of 1st period - Icing by Derek Stepan.
10:45 of 1st period - Derek Stepan wins face-off versus Jay Pandolfo in Avalanche zone.
11:28 of 1st period - Icing by Derek Stepan.
11:29 of 1st period - Alexei Ponikarovsky wins face-off versus Marcus Johansson in Avalanche zone.
12:09 of 1st period - Shot by Bobby Ryan.
12:09 of 1st period - Shot Misses the Net.
12:52 of 1st period - Icing by Michael Del Zotto.
12:53 of 1st period - Manny Malhotra wins face-off versus Kevin Porter in Avalanche zone.
13:11 of 1st period - Andrei Markov is hit by Justin Abdelkader and loses puck.
13:27 of 1st period - Icing by John Carlson.
13:28 of 1st period - Andy McDonald wins face-off versus Travis Moen in Avalanche zone.
13:37 of 1st period - Shot by Bobby Ryan.
13:37 of 1st period - Stopped by Antti Niemi without a rebound.
13:38 of 1st period - Patrik Berglund wins face-off versus Derek Stepan in Avalanche zone.
13:45 of 1st period - Shot by Patrik Berglund.
13:45 of 1st period - Shot Misses the Net.
13:55 of 1st period - Shot by Derek Stepan.
13:55 of 1st period - Deflect By Marian Hossa.
13:55 of 1st period - Stopped by Niklas Backstrom without a rebound.
13:56 of 1st period - Jordan Staal wins face-off versus Andy McDonald in Wild zone.
14:04 of 1st period - Michael Stone is hit by Tyson Barrie and loses puck.
14:15 of 1st period - Andy McDonald is hit by Jordan Staal and loses puck.
15:02 of 1st period - Shot by Derek Stepan.
15:02 of 1st period - Deflect By Johan Franzen.
15:02 of 1st period - Shot Misses the Net.
15:04 of 1st period - Shot by Lubomir Visnovsky.
15:04 of 1st period - Shot Misses the Net.
15:06 of 1st period - Shot by Marian Hossa.
15:06 of 1st period - Stopped by Niklas Backstrom without a rebound.
15:07 of 1st period - Cody Hodgson wins face-off versus Manny Malhotra in Wild zone.
15:22 of 1st period - Shot by Alexei Ponikarovsky.
15:22 of 1st period - Stopped by Antti Niemi without a rebound.
15:23 of 1st period - Derek Stepan wins face-off versus Patrik Berglund in Avalanche zone.
15:50 of 1st period - Brent Burns is hit by Kevin Shattenkirk and loses puck.
16:03 of 1st period - Shot by Milan Michalek.
16:03 of 1st period - Stopped by Antti Niemi without a rebound.
16:04 of 1st period - Jordan Staal wins face-off versus Erik Cole in Avalanche zone.
16:17 of 1st period - Shot by Chris Stewart.
16:17 of 1st period - Stopped by Niklas Backstrom without a rebound.
16:18 of 1st period - Brian Gionta wins face-off versus Manny Malhotra in Wild zone.
17:23 of 1st period - Shot by Marian Hossa.
17:23 of 1st period - Shot Misses the Net.
17:25 of 1st period - Shot by Kevin Shattenkirk.
17:25 of 1st period - Deflect By Derek Stepan.
17:25 of 1st period - Stopped by Niklas Backstrom with a rebound.
17:27 of 1st period - Shot by Kevin Shattenkirk.
17:27 of 1st period - Stopped by Niklas Backstrom without a rebound.
17:28 of 1st period - Jordan Staal wins face-off versus Andy McDonald in Wild zone.
17:28 of 1st period - Jordan Staal is hit by Fedor Tyutin.
17:52 of 1st period - Jordan Staal is hit by Erik Cole and loses puck.
18:05 of 1st period - Bobby Ryan is hit by Jordan Staal and loses puck.
18:35 of 1st period - Icing by Lubomir Visnovsky.
18:36 of 1st period - Derek Stepan wins face-off versus Manny Malhotra in Avalanche zone.
19:18 of 1st period - Manny Malhotra is hit by Derek Stepan and loses puck.
19:32 of 1st period - Off-side.
19:33 of 1st period - Cody Hodgson wins face-off versus Patrik Berglund in neutral zone.
19:58 of 1st period - Minor Penalty to Brayden Schenn for Hooking.
19:59 of 1st period - Andy McDonald wins face-off versus Jordan Staal in Avalanche zone.

2nd period


0:01 of 2nd period - Jordan Staal wins face-off versus Patrik Berglund in neutral zone.
0:10 of 2nd period - Shot by Ryan Whitney.
0:10 of 2nd period - Shot Misses the Net.
0:12 of 2nd period - Shot by Brent Burns.
0:12 of 2nd period - Stopped by Antti Niemi without a rebound.
0:13 of 2nd period - Jordan Staal wins face-off versus Andy McDonald in Avalanche zone.
0:13 of 2nd period - Jordan Staal is hit by Erik Cole.
1:10 of 2nd period - Shot by Brent Burns.
1:10 of 2nd period - Goal by Brent Burns - Avalanche : 0 - Wild : 1.
1:11 of 2nd period - Jordan Staal wins face-off versus Patrik Berglund in neutral zone.
1:11 of 2nd period - Marcus Johansson is hit by Patrik Berglund and loses puck.
1:19 of 2nd period - Minor Penalty to John-Michael Liles for Diving.
1:19 of 2nd period - Minor Penalty to Jordan Staal for Goalie Interference.
1:20 of 2nd period - Patrik Berglund wins face-off versus Marian Hossa in Wild zone.
1:41 of 2nd period - Shot by Patrik Berglund.
1:41 of 2nd period - Shot Misses the Net.
1:49 of 2nd period - Shot by Brent Burns.
1:49 of 2nd period - Shot Misses the Net.
1:51 of 2nd period - Shot by Clayton Stoner.
1:51 of 2nd period - Shot Blocked by Michael Del Zotto.
1:57 of 2nd period - Shot by Patrik Berglund.
1:57 of 2nd period - Stopped by Antti Niemi without a rebound.
1:58 of 2nd period - Andy McDonald wins face-off versus Chris Stewart in Avalanche zone.
2:05 of 2nd period - Shot by Andy McDonald.
2:05 of 2nd period - Stopped by Antti Niemi without a rebound.
2:06 of 2nd period - Andy McDonald wins face-off versus Chris Stewart in Avalanche zone.
2:07 of 2nd period - Shot by Bobby Ryan.
2:07 of 2nd period - Stopped by Antti Niemi without a rebound.
2:08 of 2nd period - Andy McDonald wins face-off versus Chris Stewart in Avalanche zone.
2:20 of 2nd period - Shot by Andy McDonald.
2:20 of 2nd period - Shot Blocked by John Carlson.
2:30 of 2nd period - Shot by Ryan Whitney.
2:30 of 2nd period - Shot Blocked by John Carlson.
2:38 of 2nd period - Shot by Bobby Ryan.
2:38 of 2nd period - Shot Misses the Net.
2:46 of 2nd period - Shot by Andy McDonald.
2:46 of 2nd period - Shot Misses the Net.
3:02 of 2nd period - Patrik Berglund is hit by Johan Franzen and loses puck.
3:53 of 2nd period - Fedor Tyutin is hit by Brayden Schenn and loses puck.
4:21 of 2nd period - Tyson Barrie is hit by Fedor Tyutin and loses puck.
5:16 of 2nd period - Shot by Milan Michalek.
5:16 of 2nd period - Shot Misses the Net.
6:24 of 2nd period - Icing by Kevin Shattenkirk.
6:25 of 2nd period - Jordan Staal wins face-off versus Bobby Ryan in Avalanche zone.
6:42 of 2nd period - Bobby Ryan is hit by Kevin Shattenkirk and loses puck.
6:52 of 2nd period - Andy McDonald is hit by Kevin Shattenkirk and loses puck.
7:00 of 2nd period - Icing by Kevin Shattenkirk.
7:01 of 2nd period - Manny Malhotra wins face-off versus Jordan Staal in Avalanche zone.
7:07 of 2nd period - Icing by Lubomir Visnovsky.
7:08 of 2nd period - Marcus Johansson wins face-off versus Patrik Berglund in Avalanche zone.
7:37 of 2nd period - Patrik Berglund is hit by Kevin Shattenkirk and loses puck.
8:37 of 2nd period - Icing by Alexei Emelin.
8:38 of 2nd period - Cody Hodgson wins face-off versus Andy McDonald in Avalanche zone.
8:38 of 2nd period - Cody Hodgson is hit by Erik Cole.
9:06 of 2nd period - Shot by Bobby Ryan.
9:06 of 2nd period - Shot Misses the Net.
9:10 of 2nd period - Shot by Erik Cole.
9:10 of 2nd period - Stopped by Antti Niemi without a rebound.
9:11 of 2nd period - Derek Stepan wins face-off versus Manny Malhotra in Avalanche zone.
9:32 of 2nd period - Blake Comeau is hit by Michael Del Zotto and loses puck.
10:08 of 2nd period - Blake Comeau is hit by Kevin Shattenkirk.
10:41 of 2nd period - Shot by Patrik Berglund.
10:41 of 2nd period - Shot Misses the Net.
12:13 of 2nd period - Shot by Brian Gionta.
12:13 of 2nd period - Shot Misses the Net.
12:15 of 2nd period - Shot by Brayden Schenn.
12:15 of 2nd period - Stopped by Niklas Backstrom without a rebound.
12:16 of 2nd period - Manny Malhotra wins face-off versus Derek Stepan in Wild zone.
12:16 of 2nd period - Manny Malhotra is hit by Derek Stepan.
14:27 of 2nd period - Shot by Cody Hodgson.
14:27 of 2nd period - Stopped by Niklas Backstrom with a rebound.
14:29 of 2nd period - Shot by Brian Gionta.
14:29 of 2nd period - Shot Blocked by Clayton Stoner.
15:25 of 2nd period - Shot by Manny Malhotra.
15:25 of 2nd period - Stopped by Antti Niemi without a rebound.
15:26 of 2nd period - Andy McDonald wins face-off versus Derek Stepan in Avalanche zone.
16:39 of 2nd period - Shot by Tyson Barrie.
16:39 of 2nd period - Stopped by Niklas Backstrom with a rebound.
16:45 of 2nd period - Marcus Johansson is hit by Blake Comeau.
16:49 of 2nd period - Shot by Jordan Staal.
16:49 of 2nd period - Shot Misses the Net.
17:28 of 2nd period - Shot by Cody Hodgson.
17:28 of 2nd period - Stopped by Niklas Backstrom without a rebound.
17:29 of 2nd period - Patrik Berglund wins face-off versus Derek Stepan in Wild zone.
17:40 of 2nd period - Shot by Derek Stepan.
17:40 of 2nd period - Shot Blocked by Ryan Whitney.
18:08 of 2nd period - Shot by Kevin Shattenkirk.
18:08 of 2nd period - Stopped by Niklas Backstrom without a rebound.
18:09 of 2nd period - Andy McDonald wins face-off versus Cody Hodgson in Wild zone.
18:46 of 2nd period - Andy McDonald is hit by John Carlson and loses puck.
18:52 of 2nd period - Bobby Ryan is hit by Michael Del Zotto and loses puck.
19:02 of 2nd period - Icing by Brayden Schenn.
19:03 of 2nd period - Manny Malhotra wins face-off versus Cody Hodgson in Avalanche zone.
19:12 of 2nd period - Shot by Blake Comeau.
19:12 of 2nd period - Shot Misses the Net.
19:19 of 2nd period - Alexei Ponikarovsky is hit by Michael Del Zotto.
19:59 of 2nd period - Shot by Milan Michalek.
19:59 of 2nd period - Shot Blocked by Michael Del Zotto.

3rd period


0:01 of 3rd period - Derek Stepan wins face-off versus Patrik Berglund in neutral zone.
0:05 of 3rd period - Off-side.
0:06 of 3rd period - Patrik Berglund wins face-off versus Derek Stepan in neutral zone.
0:31 of 3rd period - Shot by Milan Michalek.
0:31 of 3rd period - Stopped by Antti Niemi with a rebound.
1:30 of 3rd period - Shot by Clayton Stoner.
1:30 of 3rd period - Shot Hit the Post.
1:32 of 3rd period - Shot by Clayton Stoner.
1:32 of 3rd period - Shot Misses the Net.
1:34 of 3rd period - Shot by Alexei Ponikarovsky.
1:34 of 3rd period - Shot Misses the Net.
1:36 of 3rd period - Shot by Blake Comeau.
1:36 of 3rd period - Shot Misses the Net.
1:57 of 3rd period - Shot by Andrei Markov.
1:57 of 3rd period - Stopped by Antti Niemi with a rebound.
1:59 of 3rd period - Shot by Andy McDonald.
1:59 of 3rd period - Stopped by Antti Niemi without a rebound.
2:00 of 3rd period - Jordan Staal wins face-off versus Patrik Berglund in Avalanche zone.
2:07 of 3rd period - Shot by Tyson Barrie.
2:07 of 3rd period - Goal by Tyson Barrie - Avalanche : 1 - Wild : 1.
2:08 of 3rd period - Jordan Staal wins face-off versus Patrik Berglund in neutral zone.
2:19 of 3rd period - Shot by Patrik Berglund.
2:19 of 3rd period - Shot Misses the Net.
3:28 of 3rd period - Shot by Brayden Schenn.
3:28 of 3rd period - Stopped by Niklas Backstrom without a rebound.
3:29 of 3rd period - Manny Malhotra wins face-off versus Travis Moen in Wild zone.
3:54 of 3rd period - Icing by Clayton Stoner.
3:55 of 3rd period - Manny Malhotra wins face-off versus Cody Hodgson in Wild zone.
4:11 of 3rd period - Icing by Kevin Shattenkirk.
4:12 of 3rd period - Cody Hodgson wins face-off versus Patrik Berglund in Avalanche zone.
4:23 of 3rd period - Shot by Brent Burns.
4:23 of 3rd period - Deflect By Milan Michalek.
4:23 of 3rd period - Stopped by Antti Niemi with a rebound.
4:25 of 3rd period - Shot by Patrik Berglund.
4:25 of 3rd period - Stopped by Antti Niemi without a rebound.
4:26 of 3rd period - Andy McDonald wins face-off versus Derek Stepan in Avalanche zone.
4:30 of 3rd period - Andy McDonald is hit by Alexei Emelin and loses puck.
4:38 of 3rd period - Icing by Tyson Barrie.
4:39 of 3rd period - Patrik Berglund wins face-off versus Derek Stepan in Avalanche zone.
4:52 of 3rd period - Shot by Brent Burns.
4:52 of 3rd period - Stopped by Antti Niemi without a rebound.
4:53 of 3rd period - Jordan Staal wins face-off versus Andy McDonald in Avalanche zone.
4:59 of 3rd period - Erik Cole is hit by Jordan Staal and loses puck.
5:10 of 3rd period - Shot by Jordan Staal.
5:10 of 3rd period - Stopped by Niklas Backstrom without a rebound.
5:11 of 3rd period - Derek Stepan wins face-off versus Patrik Berglund in Wild zone.
5:28 of 3rd period - Shot by Derek Stepan.
5:28 of 3rd period - Shot Misses the Net.
5:30 of 3rd period - Shot by Marian Hossa.
5:30 of 3rd period - Stopped by Niklas Backstrom without a rebound.
5:31 of 3rd period - Jordan Staal wins face-off versus Erik Cole in Wild zone.
5:36 of 3rd period - Shot by Marcus Johansson.
5:36 of 3rd period - Stopped by Niklas Backstrom without a rebound.
5:37 of 3rd period - Derek Stepan wins face-off versus Patrik Berglund in Wild zone.
5:47 of 3rd period - Milan Michalek is hit by Michael Del Zotto and loses puck.
5:51 of 3rd period - Minor Penalty to Michael Del Zotto for Cross-checking.
5:52 of 3rd period - Andy McDonald wins face-off versus Jordan Staal in Avalanche zone.
5:56 of 3rd period - Bobby Ryan is hit by Alexei Emelin and loses puck.
6:01 of 3rd period - Shot by Ryan Whitney.
6:01 of 3rd period - Shot Misses the Net.
6:03 of 3rd period - Shot by Ryan Whitney.
6:03 of 3rd period - Shot Blocked by Alexei Emelin.
6:10 of 3rd period - Bobby Ryan is hit by Alexei Emelin and loses puck.
6:18 of 3rd period - Minor Penalty to Erik Cole for High sticking.
6:19 of 3rd period - Derek Stepan wins face-off versus Patrik Berglund in Wild zone.
6:26 of 3rd period - Shot by Derek Stepan.
6:26 of 3rd period - Shot Misses the Net.
7:22 of 3rd period - Bobby Ryan is hit by Jordan Staal and loses puck.
8:19 of 3rd period - Shot by Derek Stepan.
8:19 of 3rd period - Goal by Derek Stepan - Avalanche : 2 - Wild : 1.
8:20 of 3rd period - Manny Malhotra wins face-off versus Cody Hodgson in neutral zone.
8:55 of 3rd period - Shot by Fedor Tyutin.
8:55 of 3rd period - Stopped by Antti Niemi without a rebound.
8:56 of 3rd period - Patrik Berglund wins face-off versus Jordan Staal in Avalanche zone.
9:12 of 3rd period - Icing by Jordan Staal.
9:13 of 3rd period - Andy McDonald wins face-off versus Jordan Staal in Avalanche zone.
9:19 of 3rd period - Off-side.
9:20 of 3rd period - Patrik Berglund wins face-off versus Derek Stepan in neutral zone.
10:00 of 3rd period - Shot by Brent Burns.
10:00 of 3rd period - Stopped by Antti Niemi without a rebound.
10:01 of 3rd period - Jordan Staal wins face-off versus Andy McDonald in Avalanche zone.
10:03 of 3rd period - Icing by Kevin Shattenkirk.
10:04 of 3rd period - Jordan Staal wins face-off versus Andy McDonald in Avalanche zone.
10:08 of 3rd period - Minor Penalty to John-Michael Liles for Roughing.
10:09 of 3rd period - Jay Pandolfo wins face-off versus Jordan Staal in Wild zone.
11:28 of 3rd period - Shot by Michael Del Zotto.
11:28 of 3rd period - Shot Misses the Net.
11:30 of 3rd period - Shot by Derek Stepan.
11:30 of 3rd period - Goal by Derek Stepan - Avalanche : 3 - Wild : 1.
11:31 of 3rd period - Cody Hodgson wins face-off versus Andy McDonald in neutral zone.
11:46 of 3rd period - Bobby Ryan is hit by Alexei Emelin and loses puck.
11:51 of 3rd period - Shot by Andy McDonald.
11:51 of 3rd period - Stopped by Antti Niemi without a rebound.
11:52 of 3rd period - Patrik Berglund wins face-off versus Kevin Porter in Avalanche zone.
14:23 of 3rd period - Shot by Chris Stewart.
14:23 of 3rd period - Shot Misses the Net.
14:25 of 3rd period - Shot by Jordan Staal.
14:25 of 3rd period - Shot Blocked by Ryan Whitney.
14:27 of 3rd period - Shot by Jordan Staal.
14:27 of 3rd period - Stopped by Niklas Backstrom without a rebound.
14:28 of 3rd period - Patrik Berglund wins face-off versus Cody Hodgson in Wild zone.
14:28 of 3rd period - Brent Burns is hit by Brayden Schenn and loses puck.
14:38 of 3rd period - Milan Michalek is hit by Alexei Emelin.
14:53 of 3rd period - Milan Michalek is hit by Alexei Emelin and loses puck.
14:59 of 3rd period - Icing by Alexei Emelin.
15:00 of 3rd period - Andy McDonald wins face-off versus Cody Hodgson in Avalanche zone.
15:01 of 3rd period - Shot by Fedor Tyutin.
15:01 of 3rd period - Shot Misses the Net.
15:42 of 3rd period - Shot by Chris Stewart.
15:42 of 3rd period - Shot Hit the Post.
15:44 of 3rd period - Shot by Chris Stewart.
15:44 of 3rd period - Stopped by Niklas Backstrom without a rebound.
15:45 of 3rd period - Derek Stepan wins face-off versus Patrik Berglund in Wild zone.
15:48 of 3rd period - Shot by Johan Franzen.
15:48 of 3rd period - Shot Misses the Net.
16:05 of 3rd period - Shot by Derek Stepan.
16:05 of 3rd period - Stopped by Niklas Backstrom with a rebound.
16:07 of 3rd period - Shot by Marian Hossa.
16:07 of 3rd period - Stopped by Niklas Backstrom with a rebound.
16:09 of 3rd period - Shot by Marian Hossa.
16:09 of 3rd period - Shot Blocked by Michael Stone.
16:19 of 3rd period - Shot by Derek Stepan.
16:19 of 3rd period - Shot Misses the Net.
16:21 of 3rd period - Shot by Kevin Shattenkirk.
16:21 of 3rd period - Deflect By Derek Stepan.
16:21 of 3rd period - Shot Blocked by Andrei Markov.
16:40 of 3rd period - Icing by Michael Stone.
16:41 of 3rd period - Patrik Berglund wins face-off versus Chris Stewart in Wild zone.
16:49 of 3rd period - Minor Penalty to Blake Comeau for Delaying the game.
16:50 of 3rd period - Chris Stewart wins face-off versus Jay Pandolfo in Wild zone.
17:02 of 3rd period - Icing by Lubomir Visnovsky.
17:03 of 3rd period - Jay Pandolfo wins face-off versus Jordan Staal in Avalanche zone.
18:40 of 3rd period - Manny Malhotra is hit by Jordan Staal and loses puck.
18:50 of 3rd period - Minor Penalty to John-Michael Liles for Hooking.
18:51 of 3rd period - Jay Pandolfo wins face-off versus Johan Franzen in Wild zone.
19:08 of 3rd period - Alexei Ponikarovsky is hit by Michael Del Zotto and loses puck.
19:46 of 3rd period - Off-side.
19:47 of 3rd period - Derek Stepan wins face-off versus Manny Malhotra in neutral zone.
19:59 of 3rd period - Minor Penalty to Alexei Ponikarovsky for Interference.


Output by the SimonT Hockey Simulator (STHS) for Stephane Roy -- Original Page W3C XHTML 1.0 Valid
Hockey Simulator - Hockey Simulation - Hockey Manager